TOP OF THE 1ST |
Colorado (EL) Rockies batting - Pitching for Altoona Curve : LHP Ryan Rakoff
|
Pitching: LHP Ryan Rakoff
|
|
Batting: LHB Nick Martin
|
0-0: Foul Ball, location: 2F 0-1: Ball 1-1: Swinging Strike 1-2: Foul Ball, location: 2F 1-2: Strikes out swinging
|
Batting: RHB Matviy Oliynyk
|
0-0: Called Strike 0-1: Fly out, F8 (Flyball, 8LD, EV 101.2 MPH)
|
Batting: RHB Chris Osting
|
0-0: Called Strike 0-1: Foul Ball, location: 2F 0-2: Strikes out swinging, 2-3 out at first.
|
Top of the 1st over - 0 runs, 0 hits, 0 errors, 0 left on base; Colorado (EL) 0 - Altoona 0 |
BOTTOM OF THE 1ST |
Altoona Curve batting - Pitching for Colorado (EL) Rockies : RHP Iehohs Inatho
|
Pitching: RHP Iehohs Inatho
|
|
Batting: LHB Sammy Roddenberry
|
0-0: Ball 1-0: Called Strike 1-1: Foul Ball, location: 2F 1-2: Foul Ball, location: 2F 1-2: Foul Ball, location: 2F 1-2: Strikes out swinging
|
Batting: RHB Jose Almonte
|
0-0: Foul Ball, location: 2F 0-1: Ball 1-1: Ball 2-1: Foul Ball, location: 2F 2-2: Foul Ball, location: 2F 2-2: Ball 3-2: Ground out U3 (Groundball, 34, EV 86.9 MPH)
|
Batting: LHB Phil DeCamp
|
0-0: Foul Ball, location: 2F 0-1: Ball 1-1: Foul Ball, location: 2F 1-2: Foul Ball, location: 2F 1-2: Ball 2-2: Foul Ball, location: 2F 2-2: Ball 3-2: Foul Ball, location: 2F 3-2: Foul Ball, location: 2F 3-2: Base on Balls
|
Batting: LHB Marc Carter
|
0-0: Called Strike 0-1: DOUBLE (Line Drive, 7LM, EV 103.8 MPH) Phil DeCamp to third
|
Batting: LHB Jorge Quintana
|
0-0: Swinging Strike 0-1: Ball 1-1: Foul Ball, location: 2F 1-2: Ball 2-2: Strikes out swinging
|
Bottom of the 1st over - 0 runs, 1 hit, 0 errors, 2 left on base; Colorado (EL) 0 - Altoona 0 |
TOP OF THE 2ND |
Colorado (EL) Rockies batting - Pitching for Altoona Curve : LHP Ryan Rakoff
|
Batting: RHB T.J. Williams
|
0-0: Called Strike 0-1: Ball 1-1: SOLO HOME RUN (Flyball, 9D, EV 101.2 MPH), Distance : 394 ft
|
Batting: RHB Yamashita Yagi
|
0-0: Ball 1-0: Foul Ball, location: 2F 1-1: Ball 2-1: Swinging Strike 2-2: Ball 3-2: Foul Ball, location: 2F 3-2: Strikes out swinging
|
Batting: RHB Pei Xie
|
0-0: Called Strike 0-1: Ball 1-1: Called Strike 1-2: Ball 2-2: Foul Ball, location: 2F 2-2: Ball 3-2: Strikes out looking
|
Batting: LHB Iehohs Inatho
|
0-0: Ground out 6-3 (Groundball, 4M, EV 88.1 MPH)
|
Top of the 2nd over - 1 run, 1 hit, 0 errors, 0 left on base; Colorado (EL) 1 - Altoona 0 |
BOTTOM OF THE 2ND |
Altoona Curve batting - Pitching for Colorado (EL) Rockies : RHP Iehohs Inatho
|
Batting: LHB Gregg Kellerman
|
0-0: Called Strike 0-1: Foul Ball, location: 2F 0-2: Strikes out looking
|
Batting: RHB Mike Velazquez
|
0-0: Ball 1-0: Foul Ball, location: 2F 1-1: Ball 2-1: Foul Ball, location: 2F 2-2: Strikes out swinging
|
Batting: RHB Richard Barrios
|
0-0: Ball 1-0: Ball 2-0: Called Strike 2-1: Called Strike 2-2: Ball 3-2: Base on Balls
|
Batting: RHB Pleun Smit
|
0-0: Called Strike 0-1: Foul Ball, location: 2F 0-2: DOUBLE (Line Drive, 9LD, EV 113.1 MPH) Richard Barrios to third Runner from 3rd tries for Home, SAFE, throw by RF to home
|
Batting: LHB Sammy Roddenberry
|
0-0: Foul Ball, location: 2F 0-1: Swinging Strike 0-2: Ball 1-2: Ball 2-2: SINGLE (Line Drive, 34D, EV 98.1 MPH) Pleun Smit to third Runner from 3rd tries for Home, SAFE, throw by RF to home
|
Batting: RHB Jose Almonte
|
0-0: Ball 1-0: Fielders Choice at 2nd, 5-4 (Groundball, 56, EV 78.1 MPH)
|
Bottom of the 2nd over - 2 runs, 2 hits, 0 errors, 1 left on base; Colorado (EL) 1 - Altoona 2 |
TOP OF THE 3RD |
Colorado (EL) Rockies batting - Pitching for Altoona Curve : LHP Ryan Rakoff
|
Batting: LHB Daniel Green
|
0-0: Ball 1-0: Foul Ball, location: 2F 1-1: Ball 2-1: Foul Ball, location: 2F 2-2: Foul Ball, location: 2F 2-2: Ball 3-2: Base on Balls
|
Batting: LHB Harry Folsom
|
0-0: Called Strike 0-1: Ball 1-1: Called Strike Pickoff Play to 1st, Runner tries for 2nd, OUT after rundown. 1-2: Ball 2-2: Ball 3-2: Ground out 4-3 (Groundball, 4, EV 92.5 MPH)
|
Batting: LHB Nick Martin
|
0-0: Ball 1-0: Foul Ball, location: 2F 1-1: Fly out, F7 (Flyball, 7LS, EV 85.0 MPH)
|
Top of the 3rd over - 0 runs, 0 hits, 0 errors, 0 left on base; Colorado (EL) 1 - Altoona 2 |
BOTTOM OF THE 3RD |
Altoona Curve batting - Pitching for Colorado (EL) Rockies : RHP Iehohs Inatho
|
Batting: LHB Phil DeCamp
|
0-0: Ball 1-0: Ball 2-0: Ball 3-0: Base on Balls
|
Batting: LHB Marc Carter
|
0-0: Ball 1-0: Swinging Strike 1-1: Fly out, F4 (Line Drive, 4, EV 68.8 MPH)
|
Batting: LHB Jorge Quintana
|
0-0: SINGLE (Line Drive, 4M, EV 96.9 MPH) Phil DeCamp to second
|
Batting: LHB Gregg Kellerman
|
0-0: Ball 1-0: Called Strike 1-1: Swinging Strike 1-2: Ball 2-2: Fielders Choice at 2nd, 6-4 (Groundball, 6, EV 91.9 MPH) Phil DeCamp to third
|
Batting: RHB Mike Velazquez
|
0-0: Ball 1-0: Ball 2-0: Called Strike 2-1: Ball 3-1: Base on Balls Gregg Kellerman to second
|
Batting: RHB Richard Barrios
|
0-0: Foul Ball, location: 2F 0-1: Fly out, F9 (Flyball, 9, EV 78.8 MPH)
|
Bottom of the 3rd over - 0 runs, 1 hit, 0 errors, 3 left on base; Colorado (EL) 1 - Altoona 2 |
TOP OF THE 4TH |
Colorado (EL) Rockies batting - Pitching for Altoona Curve : LHP Ryan Rakoff
|
Batting: RHB Matviy Oliynyk
|
0-0: Called Strike 0-1: Called Strike 0-2: Strikes out swinging
|
Batting: RHB Chris Osting
|
0-0: Called Strike 0-1: Ball 1-1: SINGLE (Groundball, 6MD, EV 110.6 MPH) (infield hit)
|
Batting: RHB T.J. Williams
|
0-0: Ball 1-0: Fly out, F7 (Line Drive, 78D, EV 93.1 MPH)
|
Batting: RHB Yamashita Yagi
|
0-0: Called Strike 0-1: Ball 1-1: Called Strike Chris Osting steals 2nd base 1-2: Ball 2-2: Ground out 6-3 (Groundball, 6, EV 100.6 MPH)
|
Top of the 4th over - 0 runs, 1 hit, 0 errors, 1 left on base; Colorado (EL) 1 - Altoona 2 |
BOTTOM OF THE 4TH |
Altoona Curve batting - Pitching for Colorado (EL) Rockies : RHP Iehohs Inatho
|
Batting: RHB Pleun Smit
|
0-0: Called Strike 0-1: Ball 1-1: Ball 2-1: Called Strike 2-2: Foul Ball, location: 2F 2-2: Strikes out looking
|
Batting: LHB Sammy Roddenberry
|
0-0: Called Strike 0-1: Ball 1-1: Foul Ball, location: 2F 1-2: Ball 2-2: Foul Ball, location: 2F 2-2: Foul Ball, location: 2F 2-2: Fly out, F8 (Line Drive, 8RM, EV 92.5 MPH)
|
Batting: RHB Jose Almonte
|
0-0: Fly out, F8 (Flyball, 8RD, EV 105.0 MPH)
|
Bottom of the 4th over - 0 runs, 0 hits, 0 errors, 0 left on base; Colorado (EL) 1 - Altoona 2 |
TOP OF THE 5TH |
Colorado (EL) Rockies batting - Pitching for Altoona Curve : LHP Ryan Rakoff
|
Batting: RHB Pei Xie
|
0-0: Called Strike 0-1: Called Strike 0-2: Ground out 3-1 (Groundball, 34S, EV 91.2 MPH)
|
Batting: LHB Iehohs Inatho
|
0-0: Ball 1-0: Called Strike 1-1: Ball 2-1: Foul Ball, location: 2F 2-2: Foul Ball, location: 2F 2-2: Foul Ball, location: 2F 2-2: Strikes out swinging
|
Batting: LHB Daniel Green
|
0-0: Ball 1-0: Foul Ball, location: 2F 1-1: Ball 2-1: Ball 3-1: Ground out 5-3 (Groundball, 5, EV 86.2 MPH)
|
Top of the 5th over - 0 runs, 0 hits, 0 errors, 0 left on base; Colorado (EL) 1 - Altoona 2 |
BOTTOM OF THE 5TH |
Altoona Curve batting - Pitching for Colorado (EL) Rockies : RHP Iehohs Inatho
|
Batting: LHB Phil DeCamp
|
0-0: Called Strike 0-1: Ground out 6-3 (Groundball, 56, EV 96.2 MPH)
|
Batting: LHB Marc Carter
|
0-0: Ball 1-0: Swinging Strike 1-1: Foul Ball, location: 2F 1-2: Ground out 1-3 (Groundball, 13S, EV 73.8 MPH)
|
Batting: LHB Jorge Quintana
|
0-0: Ball 1-0: Ball 2-0: Fly out, F8 (Flyball, 78S, EV 89.4 MPH)
|
Bottom of the 5th over - 0 runs, 0 hits, 0 errors, 0 left on base; Colorado (EL) 1 - Altoona 2 |
TOP OF THE 6TH |
Colorado (EL) Rockies batting - Pitching for Altoona Curve : LHP Ryan Rakoff
|
Batting: LHB Harry Folsom
|
0-0: Ground out 5-3 (Groundball, 56, EV 78.8 MPH)
|
Batting: LHB Nick Martin
|
0-0: Called Strike 0-1: Ball 1-1: Called Strike 1-2: Foul Ball, location: 2F 1-2: Ball 2-2: Strikes out swinging
|
Batting: RHB Matviy Oliynyk
|
0-0: Called Strike 0-1: Foul Ball, location: 2F 0-2: Ball 1-2: Ball 2-2: Foul Ball, location: 2F 2-2: Ground out 6-3 (Groundball, 6, EV 83.8 MPH)
|
Top of the 6th over - 0 runs, 0 hits, 0 errors, 0 left on base; Colorado (EL) 1 - Altoona 2 |
BOTTOM OF THE 6TH |
Altoona Curve batting - Pitching for Colorado (EL) Rockies : RHP Iehohs Inatho
|
Pitching: RHP Dane Long
|
|
Batting: LHB Gregg Kellerman
|
0-0: Ball 1-0: Called Strike 1-1: Ground out U3 (Groundball, 34, EV 90.0 MPH)
|
Batting: RHB Mike Velazquez
|
0-0: Ball 1-0: Called Strike 1-1: Ball 2-1: Ball 3-1: SINGLE (Groundball, 56, EV 108.1 MPH) (infield hit)
|
Batting: RHB Richard Barrios
|
0-0: Ball 1-0: Foul Ball, location: 2F 1-1: Ball 2-1: Called Strike 2-2: Strikes out swinging
|
Batting: RHB Pleun Smit
|
0-0: Called Strike 0-1: Swinging Strike 0-2: Ball 1-2: Ball 2-2: Ball 3-2: Ground out 6-3 (Groundball, 6, EV 83.8 MPH)
|
Bottom of the 6th over - 0 runs, 1 hit, 0 errors, 1 left on base; Colorado (EL) 1 - Altoona 2 |
TOP OF THE 7TH |
Colorado (EL) Rockies batting - Pitching for Altoona Curve : LHP Ryan Rakoff
|
Batting: RHB Chris Osting
|
0-0: Ball 1-0: Foul Ball, location: 2F 1-1: Ball 2-1: SINGLE (Groundball, 34D, EV 98.8 MPH)
|
Batting: RHB T.J. Williams
|
0-0: Reached on error, E4 (Groundball, 4, EV 83.8 MPH) Chris Osting to second
|
Batting: RHB Yamashita Yagi
|
0-0: Grounds into double play, 6-4-3 (Groundball, 6, EV 81.2 MPH) Chris Osting to third
|
Pinch Hitting: RHB Andy Rayer
|
0-0: Ball 1-0: Ball 2-0: Fly out, F7 (Flyball, 78M, EV 77.5 MPH)
|
Top of the 7th over - 0 runs, 1 hit, 1 error, 1 left on base; Colorado (EL) 1 - Altoona 2 |
BOTTOM OF THE 7TH |
Altoona Curve batting - Pitching for Colorado (EL) Rockies : RHP Dane Long
|
Pitching: RHP Terry Sterling
|
|
Now at 2B: Andy Rayer
|
|
Now at SS: Harry Folsom
|
|
Batting: LHB Sammy Roddenberry
|
0-0: Ball 1-0: Ball 2-0: Ball 3-0: Base on Balls
|
Batting: RHB Jose Almonte
|
0-0: Bunt missed! 0-1: Ball Sammy Roddenberry steals 2nd, throwing error, E2 Sammy Roddenberry to third 1-1: Ball 2-1: Swinging Strike 2-2: Ball 3-2: Foul Ball, location: 2F 3-2: Fly out, F9 (Flyball, 9D, EV 84.4 MPH) Runner from 3rd tags up, SCORES, no throw by RF
|
Batting: LHB Phil DeCamp
|
0-0: Ball 1-0: Ball 2-0: Ball 3-0: Base on Balls
|
Batting: LHB Marc Carter
|
0-0: Ball 1-0: Called Strike 1-1: Ball 2-1: Foul Ball, location: 2F 2-2: Strikes out looking
|
Batting: LHB Jorge Quintana
|
0-0: Called Strike 0-1: Fly out, F8 (Line Drive, 8RM, EV 86.9 MPH)
|
Bottom of the 7th over - 1 run, 0 hits, 1 error, 1 left on base; Colorado (EL) 1 - Altoona 3 |
TOP OF THE 8TH |
Colorado (EL) Rockies batting - Pitching for Altoona Curve : LHP Ryan Rakoff
|
Batting: LHB Iehohs Inatho
|
0-0: Swinging Strike 0-1: Swinging Strike 0-2: Ball 1-2: Strikes out swinging
|
Batting: LHB Daniel Green
|
0-0: Ball 1-0: Called Strike 1-1: Foul Ball, location: 2F 1-2: Ball 2-2: Ball 3-2: Foul Ball, location: 2F 3-2: Foul Ball, location: 2F 3-2: SINGLE (Line Drive, 34D, EV 105.0 MPH)
|
Pitching: RHP Alex Romero
|
|
Batting: LHB Harry Folsom
|
0-0: Fielders Choice at 2nd, 3-6 (Groundball, 3S, EV 76.9 MPH)
|
Batting: LHB Nick Martin
|
0-0: Ground out 4-3 (Groundball, 4, EV 78.1 MPH)
|
Top of the 8th over - 0 runs, 1 hit, 0 errors, 1 left on base; Colorado (EL) 1 - Altoona 3 |
BOTTOM OF THE 8TH |
Altoona Curve batting - Pitching for Colorado (EL) Rockies : RHP Terry Sterling
|
Pitching: RHP Manny Lebron
|
|
Batting: LHB Gregg Kellerman
|
0-0: Foul Ball, location: 2F 0-1: Called Strike 0-2: Strikes out swinging
|
Batting: RHB Mike Velazquez
|
0-0: Called Strike 0-1: Ball 1-1: Foul Ball, location: 2F 1-2: SINGLE (Groundball, 56D, EV 96.2 MPH)
|
Batting: RHB Richard Barrios
|
0-0: Ball 1-0: Grounds into double play, 5-4-3 (Groundball, 56S, EV 86.2 MPH)
|
Bottom of the 8th over - 0 runs, 1 hit, 0 errors, 0 left on base; Colorado (EL) 1 - Altoona 3 |
TOP OF THE 9TH |
Colorado (EL) Rockies batting - Pitching for Altoona Curve : RHP Alex Romero
|
Batting: RHB Matviy Oliynyk
|
0-0: Called Strike 0-1: DOUBLE (Flyball, 8RXD, EV 110.6 MPH)
|
Batting: RHB Chris Osting
|
0-0: Ball 1-0: Called Strike 1-1: Foul Ball, location: 2F 1-2: Ball 2-2: SINGLE (Groundball, 5S, EV 72.5 MPH) (infield hit) Matviy Oliynyk to third
|
Batting: RHB T.J. Williams
|
0-0: Ball 1-0: Ball 2-0: Ground out 4-3 (Groundball, 4D, EV 97.5 MPH) Matviy Oliynyk scores Chris Osting to second
|
Pinch Hitting: SHB Jeff Sorrels
|
0-0: Called Strike 0-1: Ball 1-1: Swinging Strike 1-2: Fly out, F7 (Flyball, 7D, EV 88.1 MPH) Runner from 2nd tags up, SAFE at 3rd with throw by LF
|
Batting: RHB Andy Rayer
|
0-0: Ball 1-0: Swinging Strike 1-1: Ball 2-1: Foul Ball, location: 2F 2-2: Ball 3-2: SINGLE (Line Drive, 5D, EV 100.6 MPH) Chris Osting scores
|
Batting: LHB Iehohs Inatho
|
0-0: Called Strike 0-1: Foul Ball, location: 2F 0-2: Ball 1-2: Ball 2-2: Strikes out swinging
|
Top of the 9th over - 2 runs, 3 hits, 0 errors, 1 left on base; Colorado (EL) 3 - Altoona 3 |
BOTTOM OF THE 9TH |
Altoona Curve batting - Pitching for Colorado (EL) Rockies : RHP Manny Lebron
|
Now at C: Tom Bemis
|
|
Batting: RHB Pleun Smit
|
0-0: Fly out, F7 (Flyball, 7, EV 84.4 MPH)
|
Batting: LHB Sammy Roddenberry
|
0-0: Ball 1-0: Ball 2-0: Ball 3-0: Base on Balls
|
Batting: RHB Jose Almonte
|
0-0: Called Strike 0-1: Ball 1-1: Ball Sammy Roddenberry steals 2nd base 2-1: Foul Ball, location: 2F 2-2: Ball 3-2: Strikes out looking
|
Batting: LHB Phil DeCamp
|
0-0: Ball 1-0: Fly out, F8 (Flyball, 8LM, EV 81.9 MPH)
|
Bottom of the 9th over - 0 runs, 0 hits, 0 errors, 1 left on base; Colorado (EL) 3 - Altoona 3 |
TOP OF THE 10TH |
Colorado (EL) Rockies batting - Pitching for Altoona Curve : RHP Alex Romero
|
Pitching: LHP Martin Garcia
|
|
Batting: LHB Daniel Green
|
0-0: Ball 1-0: Fly out, F9 (Line Drive, 9D, EV 91.9 MPH)
|
Pinch Hitting: SHB Justin Jackson
|
0-0: Foul Ball, location: 2F 0-1: Ball 1-1: Fly out, F8 (Flyball, 8RS, EV 76.9 MPH)
|
Pinch Hitting: RHB Ray Insley
|
0-0: Called Strike 0-1: Swinging Strike 0-2: SOLO HOME RUN (Flyball, 7D, EV 103.8 MPH), Distance : 376 ft
|
Batting: RHB Matviy Oliynyk
|
0-0: Called Strike 0-1: Ball 1-1: Foul Ball, location: 2F 1-2: Foul Ball, location: 2F 1-2: Fly out, F8 (Flyball, 8LD, EV 90.0 MPH)
|
Top of the 10th over - 1 run, 1 hit, 0 errors, 0 left on base; Colorado (EL) 4 - Altoona 3 |
BOTTOM OF THE 10TH |
Altoona Curve batting - Pitching for Colorado (EL) Rockies : RHP Manny Lebron
|
Pitching: RHP Jim Micaletti
|
|
Now at SS: Willie Benito
|
|
Now in LF: Ray Insley
|
|
Now in CF: Daniel Green
|
|
Now in RF: Chris Osting
|
|
Batting: LHB Marc Carter
|
0-0: Ball 1-0: SINGLE (Line Drive, 7S, EV 98.1 MPH)
|
Batting: LHB Jorge Quintana
|
0-0: Fly out, F9 (Flyball, 9LD, EV 100.0 MPH)
|
Batting: LHB Gregg Kellerman
|
0-0: Fly out, F7 (Flyball, 7, EV 87.5 MPH)
|
Batting: RHB Mike Velazquez
|
0-0: Called Strike 0-1: Swinging Strike 0-2: Foul Ball, location: 2F 0-2: Ball 1-2: SINGLE (Groundball, 34D, EV 102.5 MPH) Marc Carter to second Runner from 2nd tries for 3rd, SAFE, no throw by RF
|
Batting: RHB Richard Barrios
|
0-0: Ball 1-0: Called Strike 1-1: Called Strike 1-2: Ball 2-2: Ball 3-2: Base on Balls Mike Velazquez to second
|
Pinch Hitting: LHB Ruben Garza
|
0-0: Ball 1-0: SINGLE (Line Drive, 89S, EV 95.0 MPH) Marc Carter scores Mike Velazquez to third Richard Barrios to second
|
Batting: LHB Sammy Roddenberry
|
0-0: SINGLE (Flyball, 8RS, EV 91.2 MPH) Mike Velazquez scores
|
Bottom of the 10th over - 2 runs, 4 hits, 0 errors, 2 left on base; Colorado (EL) 4 - Altoona 5 |
|